 Dungeon Crawl Stone Soup version 0.22-a0-482-g76e0a5f (webtiles) character file.

200 gmonis the Cudgeler (level 5, -7/47 HPs)
             Began as a Minotaur Berserker on June 17, 2018.
             Was a Believer of Trog.
             Killed by nerve-wracking pain
             ... invoked by an orc priest
              (8 damage)
             ... on level 3 of the Dungeon.
             The game lasted 00:03:37 (2244 turns).

gmonis the Cudgeler (Minotaur Berserker)            Turns: 2244, Time: 00:03:39

Health: -7/47      AC:  2    Str: 21    XL:     5   Next: 48%
Magic:  4/4        EV: 13    Int:  4    God:    Trog [**....]
Gold:   95         SH:  0    Dex: 11    Spells: 4/4 levels left

rFire    . . .     SeeInvis .   a - +0 mace
rCold    . . .     Gourm    .   (no shield)
rNeg     . . .     Faith    .   b - +0 animal skin
rPois    .         Spirit   .   (helmet restricted)
rElec    .         Reflect  .   (no cloak)
rCorr    .         Harm     .   (no gloves)
MR       .....                  (no boots)
Stlth    +.........             (no amulet)
HPRegen  0.15/turn              (no ring)
MPRegen  0.09/turn              (no ring)

@: slowed, very slow
A: retaliatory headbutt, horns 2
a: Berserk, Trog's Hand, Renounce Religion


You were on level 3 of the Dungeon.
You worshipped Trog.
Trog was pleased with you.
You were very hungry.

You visited 1 branch of the dungeon, and saw 3 of its levels.

You collected 95 gold pieces.

Inventory:

Hand Weapons
 a - a +0 mace (weapon)
Missiles
 d - 142 stones (quivered)
Armour
 b - a +0 animal skin (worn)
Jewellery
 k - an uncursed ring of resist corrosion {unknown}
Wands
 n - a wand of random effects (41)
Scrolls
 e - a scroll of remove curse {unknown}
 i - 2 scrolls of amnesia {unknown}
 l - a scroll of magic mapping {unknown}
 m - a scroll of enchant weapon {unknown}
 o - a scroll of random uselessness {unknown}
 q - a scroll of fog {unknown}
 r - a scroll of enchant armour {unknown}
Potions
 f - 3 potions of curing {unknown}
 g - a potion of ambrosia {unknown}
 h - a potion of mutation {unknown}
 j - a potion of heal wounds {unknown}
 p - a potion of lignification {unknown}
Comestibles
 c - 3 rations


   Skills:
 + Level 4.9 Fighting
 + Level 4.9 Maces & Flails
 + Level 4.0 Armour
 + Level 3.6 Dodging


You had 4 spell levels left.
You didn't know any spells.
Your spell library was empty.

Dungeon Overview and Level Annotations

Branches:
Dungeon (3/15)

Altars:


Innate Abilities, Weirdness & Mutations

You reflexively headbutt those who attack you in melee.
You have a pair of horns on your head.


Message History

Trog accepts your kill.
Your Armour skill increases to level 4!
The orc priest calls down the wrath of Beogh upon you.
Pain shoots through your body!
You hit the orc priest but do no damage.
Your headbutt misses the orc priest. The orc priest barely misses you.
You closely miss the orc priest. The orc priest closely misses you.
The orc priest calls down the wrath of Beogh upon you.
Beogh smites you!
* * * LOW HITPOINT WARNING * * *
You are too injured to fight recklessly!
You are too injured to fight recklessly!
You hit the orc priest. You headbutt the orc priest!
The orc priest is almost dead.
The orc priest calls down the wrath of Beogh upon you.
Beogh smites you!
* * * LOW HITPOINT WARNING * * *
The orc priest invokes the aid of Beogh against you.
Pain shoots through your body!
You die...

#.#
##..##.#
..#
##.##.#
###
#..#.#
##.#.##
#....##
###...#
###.#
##.##
#.)@#
##o##
#.. +.⌠
#.. ##+


You could see an orc priest.

Vanquished Creatures
  An orc priest (D:3)
  Crazy Yiuf (D:2)
  Ijyb (D:2)
  An orc wizard (D:3)
  An adder (D:3)
  An ooze (D:2)
  3 dart slugs
  An orc (D:3)
  2 bats
  4 giant cockroaches
  14 goblins
  5 hobgoblins
  4 jackals (D:1)
  2 quokkas (D:2)
  3 frilled lizards
  12 kobolds
  5 rats
61 creatures vanquished.

Notes
Turn   | Place    | Note
-------+----------+-------------------------------------------
     0 | D:1      | gmonis the Minotaur Berserker began the quest for the Orb.
     0 | D:1      | Reached XP level 1. HP: 19/19 MP: 0/0
   298 | D:1      | Reached XP level 2. HP: 27/27 MP: 1/1
   728 | D:1      | Reached XP level 3. HP: 33/33 MP: 2/2
  1004 | D:2      | Reached ** piety under Trog
  1383 | D:2      | Noticed Ijyb
  1427 | D:2      | Killed Ijyb
  1427 | D:2      | Reached XP level 4. HP: 29/41 MP: 3/3
  1896 | D:2      | Found a runed door.
  2120 | D:2      | Noticed Crazy Yiuf
  2125 | D:2      | Killed Crazy Yiuf
  2163 | D:3      | Reached XP level 5. HP: 45/47 MP: 4/4
  2244 | D:3      | HP: 1/47 [orc priest/divine providence (12)]
  2244 | D:3      | Killed from afar by an orc priest

Vault maps used:
D:1:      dpeg_arrival_court
D:2:      kennysheep_the_goblin_king, kennysheep_generic_room_16,
          uniq_crazy_yiuf_cottage
D:3:      grunt_temple_overflow_champion_of_chaos,
          grunt_temple_overflow_diamond, amethyst_overflow_temple_binary,
          tgw_fedhas

Skill      XL: |  1  2  3  4  5 |
---------------+----------------+-----
Maces & Flails | 4 |  4.9
Fighting       | 4 |  4.9
Armour         | 3 4 |  4.0
Dodging        | 3 |  3.6

Action                   |  1- 3 |  4- 6 || total
-------------------------+-------+-------++-------
Melee: Mace              |    85 |    40 ||   125
       Headbutt          |    13 |     7 ||    20
Invok: Berserk           |     1 |       ||     1
 Stab: Sleeping          |     1 |       ||     1
  Eat: Chunk             |     2 |     2 ||     4
Armor: Animal skin       |    12 |     3 ||    15
Dodge: Dodged            |    65 |    28 ||    93

Table legend:
 A = Spawn XP
 B = Non-spawn XP
 C = Spawn XP percentage of total XP
 D = Spawn monster count
 E = Non-spawn monster count
 F = Spawn count percentage of total count
 G = Total turns spent on level
                    A         B        C        D         E        F      G
               +---------+---------+-------+---------+---------+-------+---------
         Total |       0 |     286 |   0.0 |       0 |      61 |   0.0 |  2244
               +---------+---------+-------+---------+---------+-------+---------
           D:1 |       0 |      44 |   0.0 |       0 |      23 |   0.0 |   987
           D:2 |       0 |     131 |   0.0 |       0 |      28 |   0.0 |  1161
           D:3 |       0 |     111 |   0.0 |       0 |      10 |   0.0 |    96
               +---------+---------+-------+---------+---------+-------+---------
